 Dungeon Crawl Stone Soup version 0.31-a0-986-g5e6e4ef867 (webtiles) character file.

Game seed: 15536818346670833601

2066566 Forgeling the Sorcerer (level 27, 228/228 HPs)
             Began as a Mummy Venom Mage on Nov 10, 2023.
             Was the Champion of Ashenzari.
             Escaped with the Orb
             ... and 4 runes on Nov 11, 2023!
             The game lasted 04:45:44 (89615 turns).

Forgeling the Sorcerer (Mummy Venom Mage)          Turns: 89615, Time: 04:45:45

Health: 228/228    AC: 20    Str: 21    XL:     27
Magic:  54/54      EV: 31    Int: 31    God:    Ashenzari [******]
Gold:   1686       SH: 16    Dex: 25    Spells: 6/80 levels left

rFire   + + .        a - +9 broad axe "Share My Portent" {heavy, Melee, Cun} (curse)
rCold   + + .        t - +0 kite shield "Shackled Sophism" {reflect, Alch, Elem} (curse)
rNeg    + + +        g - +1 troll leather armour "Restrained Annoyance" {rF+ Regen+ rCorr Dex+3, Self, Cun} (curse)
rPois   ∞            C - +2 helmet "Unveiling Panentheism" {Contam rElec rPois Str+4, Dev, Elem} (curse)
rElec   +            k - +0 cloak of the Prescient Pleiades {Fort, Dev} (curse)
rCorr   +            M - +2 pair of gloves "Share My the Ego" {Fort, Cun} (curse)
SInv    +            u - +2 pair of boots "Revealing Failure" {rN+ Will+, Melee, Elem} (curse)
Will    ++++.        A - amulet "Share My Seeker" {rF+ rC+ Regen+ Slay+3, Fort, Cun} (curse)
Stlth   +++          G - ring "Ruined With Me" {rPois Str+2 Int+6 Dex+4, Comp, Bglg} (curse)
HPRegen 2.18/turn    w - ring "Cursed Jealousy" {rF+ Dex+6 SInv Stlth+, Self, Cun} (curse)
MPRegen 0.34/turn

%: reflection, clarity, faith
@: studying Invocations
A: cold resistance 1, negative energy resistance 3, torment resistance 2, heat
vulnerability 1, in touch with death 2, no potions, faith
0: Orb of Zot
}: 4/15 runes: decaying, slimy, silver, gossamer
a: Renounce Religion, Shatter the Chains


You escaped.
You worshipped Ashenzari.
Ashenzari was exalted by your worship.
You visited 13 branches of the dungeon, and saw 57 of its levels.
You visited 1 ziggurat, and saw 5 of its levels.
You also visited: Sewer, Ice Cave and Desolation.

You collected 8754 gold pieces.
You spent 7068 gold pieces at shops.

Inventory:

Hand Weapons
 a - the cursed +9 broad axe "Share My Portent" (weapon) {heavy, Melee, Cun}
   (You took it off a hell knight on level 1 of the Depths)

   It has a curse which improves the following skills: Melee Combat: Short
   Blades, Long Blades, Axes, Maces & Flails, Polearms, Staves and Unarmed
   Combat.
   Cunning:   Dodging and Stealth.
Missiles
 o - 10 curare-tipped darts
Armour
 b - a +1 pair of gloves of strength
 c - the +6 scale mail of the Tired Tables {rElec rPois rF+}
   (You found it on level 10 of the Dungeon)

   rF+:       It protects you from fire.
   rElec:     It insulates you from electricity.
   rPois:     It protects you from poison
 g - the cursed +1 troll leather armour "Restrained Annoyance" (worn) {rF+ Regen+ rCorr Dex+3, Self, Cun}
   (You bought it in a shop on level 9 of the Dungeon)

   Dex+3:     It affects your dexterity (+3).
   rF+:       It protects you from fire.
   Regen+:    It increases your rate of health regeneration.
   rCorr:     It protects you from acid and corrosion.
   It has a curse which improves the following skills: Introspection: Fighting
   and Spellcasting.
   Cunning:   Dodging and Stealth.
 k - the cursed +0 cloak of the Prescient Pleiades (worn) {Fort, Dev}
   (You found it on level 2 of the Dungeon)

   It has a curse which improves the following skills: Fortitude: Armour and
   Shields.
   Devices:   Evocations.
 t - the cursed +0 kite shield "Shackled Sophism" (worn) {reflect, Alch, Elem}
   (You took it off a tengu warrior on level 4 of the Depths)

   It has a curse which improves the following skills: Alchemy: Poison Magic and
   Transmutations.
   Elements:  Fire Magic, Ice Magic, Air Magic and Earth Magic.
 u - the cursed +2 pair of boots "Revealing Failure" (worn) {rN+ Will+, Melee, Elem}
   (You found it on level 5 of the Vaults)

   rN+:       It protects you from negative energy.
   Will+:     It increases your willpower.
   It has a curse which improves the following skills: Melee Combat: Short
   Blades, Long Blades, Axes, Maces & Flails, Polearms, Staves and Unarmed
   Combat.
   Elements:  Fire Magic, Ice Magic, Air Magic and Earth Magic.
 C - the cursed +2 helmet "Unveiling Panentheism" (worn) {Contam rElec rPois Str+4, Dev, Elem}
   (You found it on level 2 of the Depths)

   Str+4:     It affects your strength (+4).
   rElec:     It insulates you from electricity.
   rPois:     It protects you from poison Contam: It causes magical
   contamination when unequipped.
   It has a curse which improves the following skills: Devices: Evocations.
   Elements:  Fire Magic, Ice Magic, Air Magic and Earth Magic.
 H - a scarf of resistance
 M - the cursed +2 pair of gloves "Share My the Ego" (worn) {Fort, Cun}
   (You found it on level 3 of the Dungeon)

   It has a curse which improves the following skills: Fortitude: Armour and
   Shields.
   Cunning:   Dodging and Stealth.
Jewellery
 f - the ring of Zomo {MP+9 AC+4 Str-3 Dex+5 Slay+2}
   (You took it off a necromancer on level 4 of the Depths)

   [ring of protection]

   AC+4:      It affects your AC (+4).
   Str-3:     It affects your strength (-3).
   Dex+5:     It affects your dexterity (+5).
   Slay+2:    It affects your accuracy & damage with ranged weapons and melee
   (+2).
   MP+9:      It affects your magic capacity (+9).
 l - the amulet "Vineem" {Faith Str+3 Int-3}
   (You took it off a human on level 3 of the Realm of Zot)

   [amulet of faith]

   Faith:     It allows you to gain divine favour quickly.
   Str+3:     It affects your strength (+3).
   Int-3:     It affects your intelligence (-3).
 m - an amulet of guardian spirit
 w - the cursed ring "Cursed Jealousy" (right hand) {rF+ Dex+6 SInv Stlth+, Self, Cun}
   (You found it on level 4 of the Depths)

   [ring of dexterity]

   Dex+6:     It affects your dexterity (+6).
   rF+:       It protects you from fire.
   SInv:      It lets you see invisible.
   Stlth+:    It makes you more stealthy.
   It has a curse which improves the following skills: Introspection: Fighting
   and Spellcasting.
   Cunning:   Dodging and Stealth.
 A - the cursed amulet "Share My Seeker" (around neck) {rF+ rC+ Regen+ Slay+3, Fort, Cun}
   (You bought it in a shop on level 4 of the Vaults)

   [amulet of regeneration]

   Slay+3:    It affects your accuracy & damage with ranged weapons and melee
   (+3).
   rF+:       It protects you from fire.
   rC+:       It protects you from cold.
   Regen+:    It increases your rate of health regeneration.
   It has a curse which improves the following skills: Fortitude: Armour and
   Shields.
   Cunning:   Dodging and Stealth.
 G - the cursed ring "Ruined With Me" (left hand) {rPois Str+2 Int+6 Dex+4, Comp, Bglg}
   (You took it off an ironbound preserver on level 5 of the Vaults)

   [ring of intelligence]

   Str+2:     It affects your strength (+2).
   Int+6:     It affects your intelligence (+6).
   Dex+4:     It affects your dexterity (+4).
   rPois:     It protects you from poison It has a curse which improves the
   following skills: Companions: Summonings and Necromancy.
   Beguiling: Conjurations, Hexes and Translocations.
 I - a ring of wizardry
Wands
 d - a wand of digging (37)
 e - a wand of paralysis (72)
 h - a wand of quicksilver (23)
 i - a wand of roots (56)
 j - a wand of polymorph (41)
 q - a wand of flame (119)
 y - a wand of mindburst (46)
Scrolls
 n - 3 scrolls of enchant weapon
 p - 10 scrolls of torment
 x - 4 scrolls of amnesia
 B - 6 scrolls of enchant armour
 D - 8 scrolls of blinking
 E - 7 scrolls of fear
 F - 5 scrolls of fog
 K - 10 scrolls of immolation
 O - 6 scrolls of silence
 P - 6 scrolls of poison
 S - 2 scrolls of butterflies
 V - 7 scrolls of vulnerability
 X - 5 scrolls of revelation {@r4}
 Y - 9 scrolls of teleportation {@r3}
Miscellaneous
 r - a phial of floods
 s - a tin of tremorstones (2/2)
 v - a lightning rod (4/4)
 z - a box of beasts


   Skills:
 - Level 17.6(21.0) Fighting
 - Level 14.9(18.4) Axes
 - Level 1.8 Ranged Weapons
 - Level 3.0 Throwing
 - Level 14.3(19.0) Armour
 - Level 14.4(21.0) Dodging
 - Level 14.3(20.9) Stealth
 - Level 10.8(15.5) Shields
 + Level 25.7(27) Spellcasting
 - Level 5.0(7.3) Conjurations
 - Level 7.7(10.2) Summonings
 - Level 15.9(18.2) Necromancy
 - Level 5.4(7.9) Transmutations
 - Level 19.6(24.0) Air Magic
 - Level 4.9(9.3) Earth Magic
 - Level 8.0(10.5) Poison Magic
 - Level 15.6(19.1) Evocations


You had 6 spell levels left.
You knew the following spells:

 Your Spells              Type           Power      Damage    Failure   Level
a - Chain Lightning       Conj/Air       47%        3d63      83%         9
c - Borgnjor's Vile Clut  Necr/Erth      68%        N/A       1%          5
d - Mephitic Cloud        Conj/Pois/Air  91%        N/A       0%          3
e - Death Channel         Necr           74%        N/A       1%          6
f - Anguish               Hex/Necr       61%        N/A       1%          4
g - Ignite Poison         Fire/Tmut/Pois 69%        N/A       1%          3
h - Haunt                 Necr/Summ      69%        N/A       2%          7
q - Maxwell's Capacitive  Air            56%        ∞         1%          8
r - Dispel Undead         Necr           100%       3d31      0%          4
t - Agony                 Necr           100%       N/A       0%          5
v - Arcjolt               Conj/Air       47%        1d57      1%          5
w - Olgreb's Toxic Radia  Pois           82%        N/A       1%          4
x - Plasma Beam           Fire/Air       43%        2x1d57    1%          6
y - Irradiate             Conj/Tmut      36%        3d23      1%          5

Your spell library contained the following spells:

 Spells                   Type           Power      Damage    Failure   Level
 Kiss of Death            Conj/Necr      100%       2d13      0%          1
 Necrotise                Necr           100%       1d9       0%          1
 Shock                    Conj/Air       100%       1d9       0%          1
 Cigotuvi's Dreadful Rot  Necr/Pois/Air  100%       N/A       0%          2
 Poisonous Vapours        Pois/Air       100%       N/A       0%          2
 Swiftness                Air            100%       N/A       0%          3
 Vampiric Draining        Necr           100%       2d13      0%          3
 Airstrike                Air            56%        2d(9-25)  0%          4
 Animate Dead             Necr           100%       N/A       0%          4
 Apportation              Tloc           86%        N/A       1%          1
 Foxfire                  Conj/Fire      100%       2x1d9     1%          1
 Freeze                   Ice            100%       1d10      1%          1
 Magic Dart               Conj           100%       1d8       1%          1
 Slow                     Hex            100%       N/A       1%          1
 Sting                    Tmut/Pois      100%       1d8       1%          1
 Blink                    Tloc           86%        N/A       1%          2
 Ensorcelled Hibernation  Hex/Ice        90%        N/A       1%          2
 Lesser Beckoning         Tloc           86%        N/A       1%          2
 Momentum Strike          Conj/Tloc      100%       3d10      1%          2
 Searing Ray              Conj           100%       2d8       1%          2
 Call Canine Familiar     Summ           81%        N/A       1%          3
 Dazzling Flash           Conj/Hex       100%       N/A       1%          3
 Hailstorm                Conj/Ice       61%        3d13      1%          3
 Summon Guardian Golem    Hex/Summ       65%        N/A       1%          3
 Brom's Barrelling Bould  Conj/Erth      76%        2d9       1%          4
 Flame Wave               Conj/Fire      61%        2d14      1%          4
 Fulminant Prism          Conj/Hex       30%        3d15      1%          4
 Iskenderun's Mystic Bla  Conj/Tloc      60%        2d13      1%          4
 Leda's Liquefaction      Hex/Erth       32%        N/A       1%          4
 Petrify                  Tmut/Erth      76%        N/A       1%          4
 Sticky Flame             Conj/Fire      61%        2d8       1%          4
 Summon Ice Beast         Ice/Summ       66%        N/A       1%          4
 Vhi's Electric Charge    Tloc/Air       100%       N/A       1%          4
 Alistair's Intoxication  Tmut/Pois      52%        N/A       1%          5
 Freezing Cloud           Conj/Ice/Air   41%        6-21      1%          5
 Iskenderun's Battlesphe  Conj           73%        2d12      1%          5
 Silence                  Hex/Air        43%        N/A       1%          5
 Conjure Ball Lightning   Conj/Air       47%        3x3d16    1%          6
 Confusing Touch          Hex            43%        N/A       2%          3
 Frozen Ramparts          Ice            92%        1d14      2%          3
 Gell's Gravitas          Tloc           43%        N/A       2%          3
 Inner Flame              Hex/Fire       45%        N/A       2%          3
 Ozocubu's Armour         Ice            46%        N/A       2%          3
 Sigil of Binding         Hex            43%        N/A       2%          3
 Teleport Other           Tloc           43%        N/A       2%          3
 Summon Forest            Summ/Tloc      32%        N/A       3%          5
 Summon Mana Viper        Hex/Summ       65%        N/A       3%          5
 Eringya's Noxious Bog    Tmut/Pois      39%        4d6       3%          6
 Simulacrum               Ice/Necr       61%        N/A       3%          6
 Fireball                 Conj/Fire      30%        3d13      4%          5
 Yara's Violent Unravell  Hex/Tmut       30%        3d13      4%          5
 Bombard                  Conj/Erth      38%        9d7       4%          6
 Cause Fear               Hex            21%        N/A       9%          4
 Dimensional Bullseye     Hex/Tloc       21%        N/A       9%          4
 Manifold Assault         Tloc           43%        N/A       9%          4
 Passage of Golubria      Tloc           43%        N/A       9%          4
 Metabolic Englaciation   Hex/Ice        22%        N/A       22%         5
 Starburst                Conj/Fire      30%        6d9       28%         6
 Dispersal                Tloc           21%        N/A       78%         6
 Monstrous Menagerie      Summ           40%        N/A       12%         7
 Spellforged Servitor     Conj/Summ      38%        N/A       22%         7
 Orb of Destruction       Conj           36%        9d11      36%         7
 Ozocubu's Refrigeration  Ice            23%        4d12      99%         7
 Enfeeble                 Hex            21%        N/A       100%        7
 Discord                  Hex            21%        N/A       100%        8
 Disjunction              Tloc           21%        N/A       100%        8
 Ignition                 Fire           23%        3d8       100%        8
 Dragon's Call            Summ           40%        N/A       100%        9
 Fire Storm               Conj/Fire      30%        8d8       100%        9
 Borgnjor's Revivificati  Necr           Unusable   N/A       N/A         8
 Death's Door             Necr           Unusable   N/A       N/A         9

Dungeon Overview and Level Annotations

Branches:
Dungeon (15/15)            Temple (1/1) D:5            Lair (5/5) D:9
  Swamp (4/4) Lair:3       Spider (4/4) Lair:3        Slime (5/5) Lair:4
    Orc (2/2) D:11            Elf (3/3) Orc:2        Vaults (5/5) D:13
  Crypt (3/3) Vaults:2       Tomb (1/3) Crypt:3      Depths (4/4) D:15
    Zot (5/5) Depths:4      Sewer (visited)           IceCv (visited)
Desolation (visited)

Altars:
Ashenzari
Cheibriados
Dithmenos
Fedhas
Gozag
Hepliaklqana
Kikubaaqudgha
Makhleb
Nemelex Xobeh
Okawaru
Qazlal
Ru
Sif Muna
Trog
Uskayaw
Vehumet
Wu Jian
Xom
Yredelemnul
Jiyva
Lugonu

Shops:
D:9 [   D:13 :   Orc:1 *:([   Orc:2 *(:!=   Elf:3 :=:   Vaults:2 (
Vaults:4 ==   Vaults:5 (   Depths:1 :***   Depths:4 ?

Portals:
Hell: Depths:1 Depths:2 Depths:3 Depths:4
Abyss: Spider:3 Depths:3
Pandemonium: Depths:2 Depths:4

Annotations:
Zot:5 6 transporters


Innate Abilities, Weirdness & Mutations

You are immune to poison.
Your flesh is cold resistant. (rC+)
You are immune to negative energy. (rN+++)
You are immune to unholy pain and torment.
You are vulnerable to heat. (rF-)
You are strongly in touch with the powers of death.
You do not drink.
You have a special connection with the divine. (Faith)


Message History

You climb upwards.
There is a stone staircase leading down here.
A Tzitzimitl comes into view.
You miss the Tzitzimitl. You miss the Tzitzimitl. You slash the Tzitzimitl!
The Tzitzimitl is lightly wounded.
The Tzitzimitl gestures at you.
You convulse!
You closely miss the Tzitzimitl.
The Tzitzimitl is lightly wounded.
You slice the Tzitzimitl!!
The Tzitzimitl is moderately wounded.
The Tzitzimitl bites you!
You slice the Tzitzimitl!!
The Tzitzimitl is severely wounded.
You hit the Tzitzimitl.
The Tzitzimitl is severely wounded.
You slice the Tzitzimitl!!
You kill the Tzitzimitl!
There is a stone staircase leading up here.
You climb upwards.
There is a stone staircase leading down here.
What level of the Dungeon? (default 1, ? - help) HP restored.
There is a stone staircase leading up here.
You climb upwards.
There is a stone staircase leading down here.
A shadow demon comes into view.
You slice the shadow demon!!
The shadow demon is heavily wounded.
You slash the shadow demon!
The shadow demon is severely wounded.
The shadow demon gestures.
The kobold throws a stone.
The goblin attacks as it pursues you!
A hellwing comes into view.
The kobold throws a stone.
There is a staircase leading out of the dungeon here.
The kobold throws a stone.
You have escaped!

.....#............>#####.(...##
##8###.###.........# ##...## ####
#.............#######.#.#### .#
#.###.......%.§§.....##..... .#
#.# #...4....§#########..###
.#####.###.....PPP##.!.....'§.###
.................##........#§§##.
######.........###g........'..##.
#####.#####@.2K.......#§.... #
#.....###.K.....[.+..#.. #
#####...##....!...#§.#.. #
##PPP##.......+§.#.# #
#.##§#########.§#.# #......#
###§§#.# #..####### #.#§...#
#..#.....# #.####.# #####
#..#.###.###.# #..


You could see a shadow demon, a hellwing, a goblin (summoned) and 2 kobolds.

Vanquished Creatures
  the Royal Jelly (Slime:5)
  5 dread liches
  Khufu (Crypt:3)
  9 orbs of fire (Zot:5)
  10 ancient liches
  A juggernaut (Depths:3)
  A royal mummy (Crypt:3)
  Parghit (Zot:3)
  8 Killer Klowns
  Saint Roka (Vaults:2)
  Vv (Crypt:2)
  Bai Suzhen (Vaults:5)
  Josephina (Crypt:2)
  Margery (Crypt:2)
  A caustic shrike (Depths:4)
  The ghost of Fockur the Warmonger, a veteran GnWn of Okawaru (Depths:2)
  The ghost of Gefov the Warmonger, a veteran GnWn of Okawaru (Depths:2)
  2 curse toes
  5 golden dragons
  2 bone dragons
  Jory (Crypt:2)
  5 electric golems
  2 doom hounds
  2 Tzitzimimeh
  17 tentacled monstrosities
  An Ice Fiend (Zig:4)
  4 liches
  Rupert (Lair:3)
  Jorgrun (Swamp:1)
  23 Orb Guardians
  Grunn (Crypt:3)
  Asterion (Elf:2)
  5 quicksilver dragons
  6 titans
  17 acid blobs
  10 ancient champions
  4 deep elf blademasters
  A walking frostbound tome (Depths:4)
  2 deep elf master archers (Elf:3)
  5 sphinxes
  Gastronok (Lair:2)
  An Executioner (Zot:1)
  Kirke (D:12)
  5 death cobs
  6 tengu reavers
  11 storm dragons
  10 shadow dragons
  A nagaraja (Zig:2)
  6 draconian monks
  13 rockslimes
  Donald (Spider:2)
  A nargun (Zig:4)
  7 azure jellies
  A revenant (Zig:5)
  7 fire giants
  8 frost giants
  15 vault wardens
  8 draconian scorchers
  13 draconian knights
  4 emperor scorpions
  3 imperial myrmidons (Desolation)
  3 iron dragons
  A deep elf elementalist (Elf:3)
  7 draconian stormcallers
  9 ghost moths
  4 draconian shifters
  2 caustic shrike zombies
  6 deep elf sorcerers
  3 curse skulls (Crypt:3)
  17 ironbound preservers
  A cacodemon (D:12)
  3 draconian annihilators
  3 orc warlords
  5 reapers (Crypt:3)
  7 quicksilver oozes
  A spriggan defender (Depths:4)
  12 very ugly things
  6 ironbound thunderhulks
  2 spectral hellephants (Crypt:3)
  13 stone giants
  3 formless jellyfish
  5 eleionomae
  10 green draconians
  8 vampire knights
  4 deep elf demonologists
  13 red draconians
  12 black draconians
  19 white draconians
  4 deep elf annihilators
  19 spark wasps
  5 yellow draconians
  A wendigo (Zig:4)
  A lorocyproca (Depths:2)
  16 purple draconians
  A spectral titan (Crypt:2)
  6 dire elephants
  2 bennus (Tomb:1)
  7 eidola
  5 mummy priests (Tomb:1)
  8 ettins
  7 deep elf death magi
  8 jiangshi
  7 deep elf high priests
  14 yaktaur captains
  5 entropy weavers
  34 vault guards
  2 fire dragons
  2 spriggan zombies
  8 ragged hierophants (Desolation)
  3 ice dragons
  4 hydras
  12 great orbs of eyes
  A caustic shrike simulacrum (Crypt:2)
  3 jorogumos
  A quicksilver dragon skeleton (Crypt:2)
  A ghost crab (Lair:3)
  A peacekeeper (Desolation)
  2 rakshasas
  2 spriggan air magi
  A juggernaut simulacrum (Crypt:2)
  14 ironbound frosthearts
  7 alligators
  6 hell beasts
  A spectral shadow dragon (Crypt:3)
  A servant of whispers (Desolation)
  3 radroaches
  An Orb Guardian zombie (Crypt:3)
  8 ogre magi
  5 two-headed ogres
  7 catoblepae
  2 death knights
  6 death yaks (Lair:5)
  6 boulder beetles
  7 nameless horrors
  17 centaur warriors
  A sphinx zombie (D:15)
  2 spectral stone giants (Crypt:2)
  3 spriggan skeletons
  5 deep troll shamans
  11 vampire magi
  An azure jelly zombie (Crypt:2)
  5 dancing weapons
  14 death scarabs (Tomb:1)
  An orc high priest (Elf:3)
  3 spectral elves
  7 deep troll earth magi
  Urug (Lair:5)
  A spectral dire elephant (Crypt:2)
  4 tengu warriors
  A titan zombie (Crypt:2)
  5 demonic crawlers
  A shock serpent (Zig:2)
  7 hell hogs (Depths:2)
  2 occultists
  2 spriggan berserkers (Depths:1)
  9 hell knights
  A skyshark (Lair:4)
  4 soul eaters
  A fire crab (shapeshifter) (D:10)
  Nergalle (D:10)
  22 deep elf knights
  2 titan skeletons
  A crystal echidna (Zig:1)
  2 pharaoh ants (Spider:2)
  6 shadow wraiths
  A bunyip zombie (Tomb:1)
  5 iron trolls
  2 sixfirhies
  27 skeletal warriors
  60 deep trolls
  5 goliath frogs
  A glowing orange brain (Slime:5)
  A spectral anaconda (Crypt:2)
  7 orb spiders
  6 flayed ghosts
  5 spectral hydras (Swamp:4)
  A bunyip skeleton (Crypt:3)
  2 sun moths (Spider:4)
  A swamp dragon (Swamp:2)
  6 spriggan druids
  A spriggan simulacrum (Crypt:1)
  4 spectral wolf spiders (Spider:2)
  3 steelbarb worms
  4 arcanists
  10 necromancers
  10 phantasmal warriors
  6 harpies
  6 bog bodies
  10 lindwurms
  3 wolf spider zombies (Spider:2)
  6 deep elf archers
  22 deep elf zephyrmancers
  9 orc knights
  An anaconda skeleton (Crypt:2)
  20 ironbound convokers
  24 deep elf pyromancers
  4 alligator zombies (Swamp:4)
  21 wolf spiders
  A spectral ettin (Crypt:2)
  A fire giant zombie (Crypt:2)
  5 cyclopes
  A cyclops (shapeshifter) (Vaults:5)
  7 orc sorcerers (Orc:2)
  A shadow dragon skeleton (Vaults:4)
  A salamander (shapeshifter) (D:10)
  31 ugly things
  7 shining eyes
  4 manticores
  A centaur zombie (Crypt:1)
  A tengu skeleton (Vaults:4)
  18 vault sentinels
  27 moths of wrath
  2 elephants (Zot:3)
  A dire elephant zombie (Crypt:2)
  A spectral centaur (Crypt:2)
  2 black mambas
  A centaur skeleton (Crypt:3)
  2 smoke demons (D:14)
  A naga mage (Zig:2)
  A water nymph (shapeshifter) (Vaults:5)
  8 cane toads
  3 torpor snails
  An alligator snapping turtle zombie (Crypt:1)
  23 rime drakes
  4 swamp worm zombies (Swamp:4)
  An unseen horror (shapeshifter) (D:15)
  A naga skeleton (Crypt:2)
  A hellion (Depths:2)
  6 guardian mummies (Tomb:1)
  A yaktaur (shapeshifter) (D:13)
  An anaconda simulacrum (Crypt:2)
  6 freezing wraiths
  44 yaktaurs
  10 komodo dragons
  A tormentor (Crypt:3)
  3 tengu conjurers
  A sea snake skeleton (Crypt:1)
  A green draconian skeleton (Crypt:1)
  2 red devils (Zot:1)
  A yaktaur skeleton (Vaults:4)
  An iron troll skeleton (Crypt:2)
  A spectral harpy (Crypt:2)
  3 hydra zombies (Swamp:4)
  A queen bee (D:10)
  3 meliai (Spider:3)
  11 tyrant leeches
  A harpy zombie (Crypt:2)
  3 hellwings (D:14)
  24 tarantellas
  8 trolls
  15 polar bears
  3 wolf spider simulacra (Spider:2)
  A wind drake (shapeshifter) (D:13)
  A moth of wrath zombie (Crypt:2)
  4 saltlings (Desolation)
  A tengu simulacrum (Crypt:2)
  18 hornets
  2 harpy skeletons (Crypt:2)
  25 blink frogs
  A blink frog (shapeshifter) (D:14)
  4 glass eyes
  2 flying skulls
  A spectral black mamba (Crypt:2)
  79 slime creatures
  2 ettin zombies (Crypt:2)
  A shadow (D:10)
  An ettin skeleton (Crypt:1)
  27 culicivoras
  A wyvern (Lair:3)
  7 wraiths
  2 water elementals
  14 spriggans
  21 jumping spiders
  7 humans (Zot:3)
  2 ushabtiu (Tomb:1)
  A spriggan (shapeshifter) (D:13)
  3 hogs (D:12)
  7 golden eyes
  37 yaks
  4 basilisks
  A black mamba skeleton (Crypt:1)
  31 redbacks
  A demonspawn zombie (Tomb:1)
  7 vampire mosquitoes
  A glowing shapeshifter zombie (Vaults:4)
  A steam dragon (D:8)
  12 swamp worms
  A glowing shapeshifter skeleton (Vaults:4)
  8 water moccasins
  A two-headed ogre skeleton (Crypt:2)
  4 swamp dragon zombies (Swamp:4)
  An ice beast (D:7)
  32 orc warriors
  A sky beast (D:6)
  A fire dragon simulacrum (Crypt:2)
  A blink frog zombie (Crypt:1)
  3 ettin simulacra (Depths:2)
  2 black bears
  18 wolves
  8 ogres
  4 boggarts (D:14)
  10 centaurs
  A lindwurm skeleton (Crypt:1)
  A manticore skeleton (Crypt:3)
  4 phantoms (Swamp:4)
  4 kobold brigands
  8 bullfrogs
  3 scorpions
  A draconian skeleton (Crypt:3)
  11 wights
  A warg skeleton (Crypt:1)
  31 killer bees
  A yak skeleton (Crypt:3)
  8 electric eels
  6 howler monkeys
  A crimson imp (D:6)
  8 hounds
  4 jellies
  13 orc priests
  Crazy Yiuf (D:4)
  2 gnoll boudas
  4 iguanas
  3 spectral swamp drakes (Swamp:4)
  A black bear skeleton (Crypt:1)
  39 orc wizards
  3 sleepcaps
  An ogre zombie (Crypt:2)
  9 mummies
  13 adders
  9 gnolls
  A steam dragon zombie (Crypt:2)
  8 river rats
  7 white imps
  4 ufetubi
  4 worms
  8 dart slugs
  102 orcs
  14 ball pythons
  8 bats
  13 endoplasms
  A giant cockroach (D:3)
  8 goblins
  5 hobgoblins
  4 quokkas
  4 frilled lizards
  A frilled lizard skeleton (Crypt:3)
  A jackal skeleton (Crypt:2)
  A jackal zombie (Crypt:3)
  29 kobolds
  A quokka zombie (Crypt:3)
  22 rats
  A rat skeleton (Crypt:2)
  A lurking horror (Spider:3)
2343 creatures vanquished.

Vanquished Creatures (collateral kills)
  A juggernaut (Depths:4)
  Xtahua (Vaults:2)
  5 golden dragons
  2 caustic shrikes
  A hellephant (Depths:2)
  3 tentacled monstrosities
  4 Orb Guardians
  A deep elf blademaster (Elf:3)
  A lich (Depths:4)
  An acid blob (Slime:5)
  A deep elf master archer (Elf:3)
  3 titans
  2 tengu reavers (Vaults:3)
  An ancient champion (Crypt:2)
  Aizul (Elf:3)
  4 draconian monks
  Roxanne (Elf:2)
  2 draconian knights (Zot:2)
  A thorn hunter (Swamp:4)
  A rockslime (Slime:5)
  3 fire giants
  3 frost giants
  2 deep elf elementalists (Elf:3)
  4 emperor scorpions
  2 ghost moths
  A draconian scorcher (Depths:4)
  A vault warden (Vaults:5)
  A deep elf sorcerer (Elf:3)
  A draconian shifter (Zot:1)
  3 formless jellyfish
  2 draconian stormcallers (Zot:4)
  An orc warlord (Vaults:1)
  4 stone giants
  2 very ugly things
  An ironbound thunderhulk (Vaults:1)
  A vampire knight (Depths:4)
  2 black draconians
  4 deep elf annihilators
  A white draconian (Zot:2)
  2 yellow draconians (Zot:2)
  2 red draconians
  4 bunyips
  2 ettins
  5 crystal guardians
  An ettin (shapeshifter) (Depths:3)
  2 ragged hierophants (Desolation)
  A jiangshi (Depths:4)
  5 ghost crabs
  A hydra (Swamp:1)
  3 ice dragons
  A great orb of eyes (Depths:2)
  A hydra (shapeshifter) (Vaults:4)
  An alligator (Swamp:3)
  A spriggan air mage (Depths:4)
  3 centaur warriors (Vaults:1)
  10 peacekeepers
  3 radroaches
  26 dancing weapons
  2 deep troll shamans
  2 hell hogs (Depths:2)
  A deep troll earth mage (Depths:4)
  2 deep elf knights
  A storm dragon zombie (D:15)
  9 hell knights
  2 sun moths (Spider:4)
  2 skeletal warriors
  2 deep trolls
  A glowing orange brain (Depths:4)
  3 bog bodies
  A phantasmal warrior (Swamp:4)
  2 swamp dragons
  2 lindwurms (Vaults:1)
  An ugly thing (Vaults:4)
  A deep elf archer (Elf:2)
  An orange crystal statue (IceCv)
  2 deep elf zephyrmancers
  A will-o-the-wisp (Swamp:2)
  A deep elf pyromancer (Elf:2)
  2 shining eyes (Depths:2)
  2 moths of wrath
  3 guardian serpents (Desolation)
  A molten gargoyle (Desolation)
  An eye of devastation (shapeshifter) (Depths:3)
  A torpor snail (Spider:3)
  12 nameless horrors
  2 yaktaurs
  2 freezing wraiths (Swamp:3)
  A hornet (Spider:4)
  A polar bear (shapeshifter) (Elf:2)
  52 saltlings
  A glass eye (Depths:2)
  7 slime creatures
  2 air elementals
  3 jumping spiders
  A water elemental (Elf:1)
  2 fire elementals
  2 vampire mosquitoes (Swamp:3)
  2 redbacks (Spider:2)
  A swamp worm (Swamp:2)
  2 earth elementals
292 creatures vanquished.

Vanquished Creatures (others)
  2 draconian monks (Zot:2)
  A fire giant (Depths:1)
  A draconian scorcher (Zot:2)
  A draconian stormcaller (Zot:2)
  A draconian annihilator (Zot:1)
  A war gargoyle (Vaults:5)
  2 green draconians
  A bunyip (Swamp:4)
  A purple draconian (Zot:2)
  A red draconian (Zot:1)
  A fire dragon (D:15)
  A hydra (Swamp:4)
  An alligator (Swamp:3)
  A vampire mage (D:14)
  Sonja (D:12)
  2 shadow wraiths (Crypt:2)
  6 skeletal warriors
  A spriggan simulacrum (Crypt:2)
  A death drake (Swamp:4)
  A deep elf zephyrmancer (Elf:3)
  A black mamba (Lair:1)
  4 cane toads
  An efreet (D:14)
  A freezing wraith (D:8)
  A yaktaur (Vaults:5)
  3 ice devils (D:8)
  7 bloated husks
  2 shadows
  3 wraiths
  A flying skull (Crypt:2)
  A human (D:12)
  2 vampire mosquitoes (Lair:3)
  An acid dragon (D:11)
  A water moccasin (Lair:1)
  2 nameless horrors (Depths:2)
  A swamp drake (Swamp:2)
  A phantom (Swamp:4)
  A howler monkey (D:12)
  2 adders (D:3)
  A white imp (D:8)
  A worm (D:3)
  A dart slug (D:7)
  An orc (D:10)
  A ball python (D:3)
  2 rats (D:3)
  A butterfly (D:14)
72 creatures vanquished.

Grand Total: 2707 creatures vanquished

Notes
Turn   | Place    | Note
-------+----------+-------------------------------------------
     0 | D:1      | Forgeling the Mummy Venom Mage began the quest for the Orb.
     0 | D:1      | Reached XP level 1. HP: 13/13 MP: 4/4
   310 | D:1      | Found a faded altar of an unknown god.
   374 | D:1      | Reached XP level 2. HP: 19/19 MP: 1/5
  1338 | D:2      | Reached XP level 3. HP: 20/24 MP: 0/7
  2094 | D:2      | Reached XP level 4. HP: 25/30 MP: 0/8
  2287 | D:2      | Learned a level 2 spell: Poisonous Vapours
  2291 | D:2      | Learned a level 3 spell: Mephitic Cloud
  2721 | D:3      | Found a blossoming altar of Fedhas.
  2722 | D:3      | Found a basalt altar of Yredelemnul.
  2786 | D:3      | Found a shimmering altar of Xom.
  2871 | D:3      | You fall into a shaft and drop 1 floor!
  2901 | D:3      | Reached XP level 5. HP: 9/35 MP: 1/9
  3068 | D:3      | Reached skill level 5 in Poison Magic
  3168 | D:3      | Found a glowing drain.
  3194 | Sewer    | Entered a sewer
  3421 | Sewer    | Reached XP level 6. HP: 22/41 MP: 2/10
  3536 | Sewer    | Learned a level 4 spell: Olgreb's Toxic Radiance
  3656 | Sewer    | Reached skill level 3 in Spellcasting
  3948 | Sewer    | Reached skill level 4 in Spellcasting
  4807 | D:4      | Reached skill level 5 in Spellcasting
  4807 | D:4      | Reached XP level 7. HP: 45/46 MP: 5/14
  4983 | D:4      | Identified the +0 hammer "Zyogheaf" {vamp, rElec rF+ Will+}
  5359 | D:4      | Reached skill level 6 in Spellcasting
  5586 | D:4      | Found a runed translucent door.
  5587 | D:4      | Noticed Crazy Yiuf
  5940 | D:4      | Killed Crazy Yiuf
  6043 | D:5      | Entered Level 5 of the Dungeon
  6209 | D:5      | Found a staircase to the Ecumenical Temple.
  6279 | Temple   | Entered the Ecumenical Temple
  6286 | Temple   | Became a worshipper of Ashenzari the Shackled
  6761 | D:5      | Reached skill level 7 in Spellcasting
  6761 | D:5      | Reached XP level 8. HP: 48/52 MP: 10/18
  6932 | D:6      | Reached skill level 1 in Fighting
  7520 | D:6      | Reached skill level 8 in Spellcasting
  8203 | D:6      | Reached skill level 1 in Armour
  8447 | D:7      | Reached * piety under Ashenzari
  8644 | D:7      | Reached skill level 9 in Spellcasting
  8753 | D:7      | Reached XP level 9. HP: 57/65 MP: 14/22
  9723 | D:6      | Reached skill level 10 in Spellcasting
  9792 | D:7      | Reached ** piety under Ashenzari
  9927 | D:8      | Reached skill level 5 in Fighting
 10083 | D:8      | Noticed an ice devil
 10315 | D:8      | Noticed an ice devil
 10359 | D:8      | Noticed a freezing wraith
 10587 | D:6      | Reached skill level 1 in Evocations
 11051 | D:8      | Killed a freezing wraith
 11241 | D:8      | Noticed an ice devil
 11241 | D:8      | Noticed an ice devil
 11329 | D:9      | Identified a scroll of acquirement
 11350 | D:9      | Found a staircase to the Lair.
 11365 | D:9      | Reached XP level 10. HP: 75/76 MP: 0/24
 11377 | D:9      | Reached skill level 11 in Spellcasting
 11459 | D:10     | Entered Level 10 of the Dungeon
 11534 | D:10     | Acquired a staff of poison
 11587 | D:9      | Found Mapiram's Armour Boutique.
 11989 | D:9      | Bought the +1 troll leather armour "Sias" {rF+ Regen+ rCorr
                  | Dex+3} for 504 gold pieces
 12588 | D:9      | Reached *** piety under Ashenzari
 12804 | D:10     | Reached skill level 12 in Spellcasting
 12821 | D:10     | Learned a level 4 spell: Anguish
 12999 | D:10     | Noticed a fire crab
 13008 | D:10     | Killed a fire crab
 13009 | D:10     | Reached skill level 1 in Necromancy
 13085 | D:10     | Identified the +6 scale mail of the Tired Tables {rElec
                  | rPois rF+}
 13294 | D:10     | Noticed Nergalle
 13300 | D:10     | Killed Nergalle
 13383 | D:10     | Noticed a tengu warrior
 13402 | D:10     | Killed a tengu warrior
 13403 | D:10     | Reached XP level 11. HP: 89/89 MP: 25/29
 13434 | D:10     | Noticed an ogre mage
 13447 | D:10     | Paralysed by an ogre mage for 4 turns
 13451 | D:10     | Killed an ogre mage
 13452 | D:10     | Reached skill level 5 in Necromancy
 13562 | D:10     | a guardian serpent changed into a fire crab
 13562 | D:10     | Noticed a fire crab (shapeshifter)
 13564 | D:10     | a fire crab changed into a salamander
 13663 | D:10     | Identified the +9 dagger "Hulk" {freeze, Fragile rPois rC+
                  | rCorr}
 13962 | D:11     | Noticed a boulder beetle
 13962 | D:11     | Identified the ring of Faeci Hawo {rElec rF- Will+++ Str+4
                  | Dex+6}
 14079 | D:11     | Killed a boulder beetle
 14224 | D:11     | Found a staircase to the Orcish Mines.
 14263 | D:11     | Noticed a two-headed ogre
 14735 | D:11     | Killed a two-headed ogre
 14812 | D:11     | Reached skill level 13 in Spellcasting
 15017 | D:11     | Found an ornate altar of the Wu Jian Council.
 15511 | D:8      | Found the +8 frozen axe "Frostbite" {freeze, freezing
                  | cloud, *Noise Fly rC+}
 15957 | D:12     | Found a broken altar of Ashenzari.
 15963 | D:12     | Noticed a two-headed ogre
 15967 | D:12     | Noticed a centaur warrior
 15984 | D:12     | Killed a centaur warrior
 15992 | D:12     | Killed a two-headed ogre
 16180 | D:12     | Reached skill level 5 in Evocations
 16296 | D:12     | Noticed Sonja
 16308 | D:12     | Killed Sonja
 16309 | D:12     | Reached XP level 12. HP: 94/97 MP: 21/32
 16318 | D:12     | Noticed Kirke
 16342 | D:12     | Killed Kirke
 16611 | D:12     | Reached **** piety under Ashenzari
 16660 | Orc:1    | Entered Level 1 of the Orcish Mines
 16688 | Orc:1    | Found Iteh's Weapon Boutique.
 16704 | Orc:1    | Found Fatz's Book Shop.
 16742 | Orc:1    | Found Nugox's Weapon Shop.
 16782 | Orc:1    | Found Reez Qen's Antique Armour Shoppe.
 17341 | Orc:1    | Found Ycrer's Assorted Antiques.
 17402 | Orc:2    | Entered Level 2 of the Orcish Mines
 17470 | Orc:2    | Reached skill level 10 in Necromancy
 17587 | Orc:2    | Noticed an orc warlord
 17701 | Orc:2    | Killed an orc warlord
 17776 | Orc:2    | Found a staircase to the Elven Halls.
 17780 | Orc:2    | Found Qukhlis's General Store.
 17800 | Orc:2    | Reached ***** piety under Ashenzari
 17977 | Orc:2    | Noticed an ogre mage
 17991 | Orc:2    | Killed an ogre mage
 18053 | Orc:2    | Reached skill level 1 in Ranged Weapons
 18064 | Orc:2    | Noticed an ogre mage
 18069 | Orc:2    | Found Fukak's Distillery.
 18075 | Orc:2    | Killed an ogre mage
 18246 | Orc:2    | Found an ancient bone altar of Kikubaaqudgha.
 18278 | Orc:2    | Found Tainew's Antique Weapon Emporium.
 18282 | Orc:2    | Noticed an ogre mage
 18289 | Orc:2    | Killed an ogre mage
 18300 | Orc:2    | Found a radiant altar of Vehumet.
 18388 | Orc:2    | Found Saefedgh's Jewellery Shoppe.
 18423 | Orc:2    | Found Wesm's Book Shoppe.
 18693 | Orc:2    | Bought the brooch of Shielding {Spirit SH+8} for 910 gold
                  | pieces
 18693 | Orc:2    | Found the brooch of Shielding {Spirit SH+8}
 18775 | Orc:1    | Bought a Trismegistus Codex for 338 gold pieces
 18779 | Orc:1    | Learned a level 3 spell: Ignite Poison
 18861 | Lair:1   | Entered Level 1 of the Lair of Beasts
 18883 | Lair:1   | Noticed a boulder beetle
 18889 | Lair:1   | Reached skill level 1 in Transmutations
 19079 | Lair:1   | Gained mutation: You are strongly in touch with the powers
                  | of death. [Mummy growth]
 19079 | Lair:1   | Reached XP level 13. HP: 101/104 MP: 31/33
 19108 | Lair:1   | Reached skill level 5 in Armour
 19594 | Lair:1   | Reached ****** piety under Ashenzari
 19750 | Lair:1   | Reached skill level 5 in Dodging
 20019 | Lair:2   | Noticed Gastronok
 20035 | Lair:2   | Killed Gastronok
 20036 | Lair:2   | Reached skill level 1 in Throwing
 20704 | Lair:2   | Reached skill level 14 in Spellcasting
 21261 | Lair:3   | Reached skill level 15 in Spellcasting
 21347 | Lair:3   | Found a shadowy altar of Dithmenos.
 21349 | Lair:3   | Found a hole to the Spider Nest.
 21529 | Lair:3   | Found a staircase to the Swamp.
 21556 | Lair:3   | Identified the maw talisman "Docink" {+Blink rPois Str-2
                  | SInv}
 21556 | Lair:3   | Noticed Rupert
 21562 | Lair:3   | Killed Rupert
 22541 | Lair:4   | Found a staircase to the Slime Pits.
 22923 | Lair:5   | Entered Level 5 of the Lair of Beasts
 22962 | Lair:4   | Reached XP level 14. HP: 109/118 MP: 16/38
 23591 | Lair:5   | Noticed Urug
 24040 | Lair:5   | Killed Urug
 25105 | Orc:1    | Bought a Necronomicon for 702 gold pieces
 25113 | Orc:1    | Learned a level 7 spell: Haunt
 25310 | D:13     | Reached skill level 1 in Summonings
 25316 | D:13     | Learned a level 5 spell: Agony
 25410 | D:13     | Found a gate to the Vaults.
 25756 | D:13     | Identified the +0 robe "Nolog" {-Tele rCorr Dex+2}
 26067 | D:13     | Found Fisone's Vocational Training.
 26541 | D:14     | Reached XP level 15. HP: 126/126 MP: 28/39
 27225 | D:15     | Entered Level 15 of the Dungeon
 27399 | D:15     | Found a staircase to the Depths.
 28082 | D:15     | Reached skill level 5 in Summonings
 29645 | Swamp:1  | Entered Level 1 of the Swamp
 29686 | Swamp:1  | Noticed Jorgrun
 29693 | Swamp:1  | Killed Jorgrun
 30411 | Swamp:1  | Reached skill level 16 in Spellcasting
 31289 | Swamp:2  | Reached XP level 16. HP: 133/133 MP: 32/41
 32120 | Swamp:3  | Found a frozen archway.
 32315 | IceCv    | Entered an ice cave
 33315 | IceCv    | Learned a level 4 spell: Dispel Undead
 33533 | Swamp:3  | Reached skill level 10 in Fighting
 33771 | Swamp:3  | Reached skill level 17 in Spellcasting
 34046 | Swamp:4  | Entered Level 4 of the Swamp
 34091 | Swamp:4  | Noticed a thorn hunter
 34100 | Swamp:4  | Killed a thorn hunter
 35359 | Swamp:4  | Reached skill level 18 in Spellcasting
 35504 | Swamp:4  | Noticed a bone dragon
 35510 | Swamp:4  | Reached XP level 17. HP: 144/144 MP: 28/43
 35518 | Swamp:4  | Killed a bone dragon
 35520 | Swamp:4  | Got a decaying rune of Zot
 35912 | Desolati | Identified the of Zele
 35912 | Desolati | Identified the "Jugif"
 35912 | Desolati | Identified the "Ryvu"
 35912 | Desolati | Identified the "Xajont Deul"
 35912 | Vaults:1 | Entered Level 1 of the Vaults
 35991 | Vaults:1 | Found a crumbling gateway.
 36012 | Desolati | Entered the Desolation of Salt
 36490 | Desolati | Reached skill level 19 in Spellcasting
 36761 | Desolati | Reached skill level 1 in Shields
 37184 | Desolati | Found the +6 lightning scales {swift, rElec}
 37878 | Desolati | Reached skill level 5 in Shields
 38021 | Desolati | Identified the amulet "Wuigeq" {Acrobat Str+4 Dex+2}
 38485 | Desolati | Identified the +1 arbalest "Xucorom" {antimagic, Will++}
 38486 | Desolati | Identified the ring of Ycloan {rElec rC+ rN+ Str-5}
 39376 | Vaults:1 | Reached XP level 18. HP: 114/151 MP: 3/45
 41230 | Vaults:2 | Found a staircase to the Crypt.
 41528 | Vaults:2 | Noticed Saint Roka
 41554 | Vaults:2 | Killed Saint Roka
 42053 | Vaults:2 | Noticed Xtahua
 42510 | Vaults:2 | Reached skill level 10 in Evocations
 42861 | Vaults:2 | Found Ciocig's Weapon Emporium.
 43052 | Vaults:2 | Reached skill level 5 in Stealth
 43052 | Vaults:2 | Reached XP level 19. HP: 162/163 MP: 32/47
 43557 | Vaults:3 | Identified the "Sirowni"
 44119 | Vaults:3 | Reached skill level 20 in Spellcasting
 45605 | Vaults:4 | Reached skill level 1 in Axes
 46770 | Vaults:4 | Found Qimaf's Jewellery Boutique.
 46834 | Vaults:4 | Found Ereled's Jewellery Shoppe.
 46867 | Vaults:4 | Reached skill level 5 in Axes
 46958 | Vaults:4 | Bought the amulet of Generosity {rF+ rC+ Regen+ Slay+3} for
                  | 1144 gold pieces
 47150 | Vaults:4 | Identified the +2 great mace of Japuzany {pain, rPois
                  | Dex+4}
 47208 | Vaults:4 | Noticed a dread lich
 47292 | Vaults:4 | Killed a dread lich
 47754 | Vaults:4 | Identified the staff of Uncertain Death {rElec Str+4 Int-2
                  | Air}
 48139 | Orc:2    | Bought a ring of protection from fire for 350 gold pieces
 48194 | Vaults:5 | Identified the "Plog"
 48194 | Vaults:5 | Identified the "Bumpydghu"
 48194 | Crypt:2  | Identified the "Orhaing"
 48194 | Depths:2 | Identified the "Paekhleu"
 48194 | Depths:4 | Identified the "Ustru Wyh"
 48194 | Elf:1    | Entered Level 1 of the Elven Halls
 48619 | Elf:1    | Reached XP level 20. HP: 164/168 MP: 41/48
 49370 | Elf:1    | Paralysed by an air elemental for 1 turns
 49762 | Elf:2    | Identified the +10 flail of Padidye {freeze, rElec rPois
                  | rC- Int+6}
 49764 | Elf:2    | Noticed Asterion
 49898 | Elf:2    | Noticed Roxanne
 49905 | Elf:1    | Reached skill level 10 in Axes
 49983 | Elf:2    | Killed Asterion
 49986 | Elf:1    | Acquired the +0 helmet "Suysh" {Will+ Dex+3}
 50792 | Elf:2    | Killed Roxanne
 50952 | Elf:2    | Found a runed translucent gate.
 50952 | Elf:2    | Found a runed translucent gate.
 50952 | Elf:2    | Found a runed translucent gate.
 51132 | Elf:1    | Learned a level 5 spell: Borgnjor's Vile Clutch
 51138 | Elf:1    | Learned a level 5 spell: Arcjolt
 51639 | Elf:2    | Reached skill level 1 in Air Magic
 51848 | Elf:3    | Identified the "Soerph"
 51848 | Elf:3    | Identified the "Tadwoc"
 51848 | Elf:3    | Identified the "Weojas"
 51848 | Elf:3    | Identified the of Piuluziw
 51848 | Elf:3    | Identified the of Vyesm
 51848 | Elf:3    | Entered Level 3 of the Elven Halls
 51892 | Elf:3    | Found the dreamshard necklace {Acrobat *Dream}
 52145 | Elf:3    | Identified the serpent talisman "Xinoc" {rN+ Str-4 Int+3
                  | Dex+4}
 52145 | Elf:3    | Noticed Aizul
 52153 | Elf:3    | Killed Aizul
 52503 | Elf:3    | Found Mikeoll's Jewellery Shop.
 52504 | Elf:3    | Found Luiseol's Book Emporium.
 52504 | Elf:3    | Found Numia's Book Emporium.
 52767 | Elf:3    | Reached skill level 5 in Air Magic
 52898 | Elf:3    | Identified the +2 ring mail "Hugymicw" {Fly rN+}
 52903 | Elf:3    | Identified the +1 hand axe "Joufrod" {flame, rPois rC+}
 53025 | Elf:3    | Identified the +2 plate armour of Zin's Grace {Str-3 Dex+6}
 53133 | Elf:3    | Identified the +2 morningstar "Sawyoridgh" {venom, rN+
                  | Int+5}
 53253 | Elf:3    | Identified the +5 plate armour of the Thieving Gods
                  | {Rampage MP+9 Int+3}
 53387 | Elf:3    | Identified the +1 chain mail "Asalat" {+Inv Int+5 Dex-3
                  | Stlth+}
 53564 | Elf:3    | Identified the -1 pair of boots of Zuzoovif {Str+3 Int-5}
 53565 | Elf:3    | Identified the +3 morningstar "Deisul" {heavy, rElec Will-
                  | rCorr Int+5}
 53570 | Elf:3    | Identified the +1 leather armour of the Frog {Str+3 Dex+3}
 53632 | Elf:3    | Identified the ring "Ibroeliyl" {rElec EV+5}
 53632 | Elf:3    | Identified the ring of Ynaso {rCorr Str+6 Dex+4}
 53637 | Elf:3    | Reached XP level 21. HP: 172/172 MP: 37/48
 53638 | Elf:3    | Identified the +6 rapier of Honour {venom, Int+4}
 53816 | Elf:3    | Learned a level 8 spell: Maxwell's Capacitive Coupling
 54016 | Depths:1 | Entered Level 1 of the Depths
 54133 | Depths:1 | Found Puim's Book Shoppe.
 54134 | Depths:1 | Found Sytut's Assorted Antiques.
 54134 | Depths:1 | Found Cizacsux's Assorted Antiques.
 54151 | Depths:1 | Found Vyasm's General Store.
 54192 | Depths:1 | Bought a scroll labelled LACRAJ QAEN for 34 gold pieces
 54342 | Depths:1 | Noticed a golden dragon
 54349 | Depths:1 | Killed a golden dragon
 54470 | Depths:1 | Found a gateway to Hell.
 54629 | Depths:1 | Reached skill level 1 in Earth Magic
 55454 | Depths:2 | Found a one-way gate leading to the halls of Pandemonium.
 55870 | Depths:2 | Found a one-way gateway to a ziggurat.
 56929 | Depths:2 | Found a runed translucent gate.
 56929 | Depths:2 | Found a runed translucent gate.
 56929 | Depths:2 | Found an ancient bone altar of Kikubaaqudgha.
 56929 | Depths:2 | Found a runed translucent gate.
 56929 | Depths:2 | Noticed a dread lich
 56930 | Depths:2 | Noticed Fockur's ghost (veteran GnWn)
 56930 | Depths:2 | Noticed Gefov's ghost (veteran GnWn)
 56930 | Depths:2 | Identified the ring of Xom's Sleight of Hands {rF- rN+
                  | rCorr Int+3 SInv}
 56930 | Depths:2 | Identified the +2 helmet "Baunost" {Contam rElec rPois
                  | Str+4}
 56931 | Depths:2 | Noticed a dread lich
 56931 | Depths:2 | Noticed an ancient lich
 57387 | Depths:3 | Noticed a juggernaut
 57397 | Depths:3 | Noticed a caustic shrike
 57409 | Depths:3 | Noticed a golden dragon
 57418 | Depths:3 | Noticed a golden dragon
 57423 | Depths:3 | Killed a juggernaut
 57683 | Depths:3 | Killed a caustic shrike
 57757 | Depths:3 | Identified the +10 plate armour of Midwinter {Str+7}
 57827 | Depths:3 | Killed a golden dragon
 57947 | Depths:3 | Reached skill level 10 in Stealth
 58286 | Depths:3 | Found a corrupted altar of Lugonu.
 58286 | Depths:3 | Found a one-way gate to the infinite horrors of the Abyss.
 58295 | Depths:3 | Reached XP level 22. HP: 179/179 MP: 43/49
 58567 | Depths:3 | Killed a golden dragon
 58809 | Depths:4 | Entered Level 4 of the Depths
 58809 | Depths:4 | Noticed a caustic shrike
 58816 | Depths:4 | Killed a caustic shrike
 58881 | Depths:4 | Identified the ring "Pail" {*Corrode Fly rElec rN+ Slay+4}
 59430 | Depths:4 | Found a transporter.
 59699 | Depths:4 | Noticed a caustic shrike
 59713 | Depths:4 | Killed a caustic shrike
 59845 | Depths:4 | Identified the ring of the Past {rF+ Dex+6 SInv Stlth+}
 60235 | Depths:4 | Found a gate to the Realm of Zot.
 60381 | Depths:4 | Noticed a golden dragon
 60381 | Depths:4 | Noticed a juggernaut
 60388 | Depths:4 | Identified the ring of Zomo {MP+9 AC+4 Str-3 Dex+5 Slay+2}
 60391 | Depths:4 | Killed a golden dragon
 60392 | Depths:4 | Reached skill level 10 in Air Magic
 60525 | Depths:4 | Killed a juggernaut
 60850 | Depths:4 | Found Metysekk's Magic Scroll Shop.
 60875 | Depths:4 | Found a transporter.
 61249 | Spider:1 | Entered Level 1 of the Spider Nest
 62282 | Spider:2 | Noticed Donald
 62290 | Spider:2 | Killed Donald
 62570 | Spider:2 | Reached XP level 23. HP: 185/190 MP: 48/51
 63274 | Spider:3 | Found a corrupted altar of Lugonu.
 63619 | Spider:3 | Identified the +8 mace of Woojyn {pain, rN+ Dex+3}
 64190 | Spider:4 | Entered Level 4 of the Spider Nest
 64541 | Spider:4 | Identified the +0 robe "Oguec" {rF+ rC+ Str+5}
 65582 | Spider:4 | Got a gossamer rune of Zot
 65918 | Vaults:2 | Killed Xtahua
 66016 | Crypt:1  | Entered Level 1 of the Crypt
 66719 | Crypt:2  | Identified the staff of Sudden Death {rC+ Necro Ice}
 66719 | Crypt:2  | Identified the ring of the Monkey's Uncle {Ice rElec Will-
                  | Dex+3}
 66719 | Crypt:2  | Noticed Josephina
 66751 | Crypt:2  | Noticed Vv
 66826 | Crypt:3  | Entered Level 3 of the Crypt
 66826 | Crypt:3  | Noticed Grunn
 66849 | Crypt:3  | Found a staircase to the Tomb.
 66939 | Crypt:3  | Noticed an ancient lich
 66939 | Crypt:3  | Identified the +10 longbow of Gatimorch {freeze, rN++ Will-
                  | Str-2 Dex+2}
 66961 | Crypt:3  | Killed an ancient lich
 67482 | Crypt:3  | Noticed a curse toe
 67636 | Crypt:3  | Noticed Khufu
 67642 | Crypt:3  | Killed Khufu
 67643 | Crypt:3  | Reached skill level 21 in Spellcasting
 67680 | Crypt:3  | Noticed a royal mummy
 67780 | Crypt:2  | Noticed an ancient lich
 67945 | Crypt:3  | Killed a royal mummy
 68058 | Crypt:3  | Killed Grunn
 68180 | Crypt:3  | Identified the +3 dagger "Sateu" {drain, rF+}
 68180 | Crypt:3  | Identified the +0 hand axe of Disgust {venom, Int+6}
 68199 | Crypt:3  | Reached XP level 24. HP: 187/195 MP: 42/52
 68349 | Crypt:3  | Reached skill level 15 in Air Magic
 68481 | Crypt:3  | Identified the staff of Perversion {Fly Earth}
 68483 | Crypt:3  | Noticed a dread lich
 68483 | Crypt:3  | Noticed an ancient lich
 68489 | Crypt:3  | Killed a dread lich
 68494 | Crypt:3  | Killed an ancient lich
 68495 | Crypt:3  | Noticed an ancient lich
 68536 | Crypt:3  | Killed an ancient lich
 68666 | Crypt:2  | Killed Vv
 68668 | Crypt:2  | Noticed Margery
 69218 | Crypt:2  | Learned a level 5 spell: Irradiate
 69309 | Crypt:1  | Killed an ancient lich
 69310 | Crypt:1  | Reached skill level 1 in Conjurations
 69508 | Crypt:2  | Killed Josephina
 69540 | Crypt:2  | Killed Margery
 69696 | Crypt:2  | Noticed Jory
 69793 | Crypt:2  | Found a basalt altar of Yredelemnul.
 69886 | Crypt:2  | Killed Jory
 70298 | Zot:2    | Identified the "Ebukag"
 70298 | Zot:2    | Identified the of Teurph
 70298 | Slime:1  | Entered Level 1 of the Pits of Slime
 70428 | Slime:1  | Reached skill level 5 in Transmutations
 71222 | Slime:2  | Reached skill level 5 in Conjurations
 71227 | Slime:2  | Reached skill level 15 in Necromancy
 71591 | Slime:5  | Entered Level 5 of the Pits of Slime
 71594 | Slime:5  | Reached skill level 10 in Shields
 71654 | Slime:5  | Found a viscous altar of Jiyva.
 71654 | Slime:5  | Noticed the Royal Jelly
 72014 | Slime:5  | Found the +3 giant club "Skullcrusher" {speed, Str+7}
 72021 | Slime:5  | Identified the +5 short sword of Tottoahe {drain, Str+5
                  | Int-5 Dex+3 Stlth+}
 72042 | Slime:5  | Identified the +0 chain mail "Earthly Heaven" {Int+6
                  | Slay+2}
 72044 | Slime:5  | Identified the +4 whip of Immorality {flame, rF+ Int+2
                  | SInv}
 72302 | Slime:5  | Reached XP level 25. HP: 202/202 MP: 52/52
 72679 | Slime:5  | Found a viscous altar of Jiyva.
 72746 | Slime:5  | Killed the Royal Jelly
 73100 | Slime:5  | Identified the +5 quarterstaff "Dragon's Tongue" {freeze,
                  | Will+}
 73119 | Slime:5  | Got a slimy rune of Zot
 73956 | Depths:1 | Killed a dread lich
 73997 | Depths:2 | Killed Fockur's ghost
 74011 | Depths:2 | Killed a dread lich
 74012 | Depths:2 | Reached skill level 10 in Armour
 74071 | Depths:2 | Killed Gefov's ghost
 74089 | Depths:2 | Killed an ancient lich
 74383 | Tomb:1   | Entered Level 1 of the Tomb of the Ancients
 74483 | Tomb:1   | Identified the +4 dagger "Beup" {holy, rC++ Will- Int+2}
 75474 | Vaults:5 | Entered Level 5 of the Vaults
 75678 | Vaults:5 | Noticed an ancient lich
 75682 | Vaults:5 | Reached skill level 22 in Spellcasting
 75684 | Vaults:5 | Killed an ancient lich
 75767 | Vaults:5 | Noticed a dread lich
 75774 | Vaults:5 | Killed a dread lich
 75847 | Vaults:5 | Identified the +1 robe of the Dice {Rampage Int+3 Archmagi}
 75991 | Vaults:5 | Reached skill level 15 in Fighting
 76020 | Vaults:5 | Identified the ring "Ecuiff" {rCorr Int-5 Dex+3 SInv}
 76204 | Vaults:5 | Noticed Bai Suzhen
 76209 | Vaults:5 | Killed Bai Suzhen
 76606 | Depths:1 | Bought a manual of Dodging for 1280 gold pieces
 76696 | D:13     | Bought a manual of Evocations for 1040 gold pieces
 76791 | Orc:1    | Bought a brightly glowing ring mail for 234 gold pieces
 76791 | Orc:1    | Identified the +2 ring mail "Eheynt" {Fly Will+} (You
                  | bought it in a shop on level 1 of the Orcish Mines)
 77134 | Vaults:5 | Identified the +11 trident of Fastraeryd {freeze, rN+ MP+9
                  | Str+2 Int+4}
 77208 | Vaults:4 | Reached XP level 26. HP: 208/217 MP: 52/52
 77317 | Vaults:5 | Identified the +2 pair of boots of Yvuahayp {rN+ Will+}
 77327 | Vaults:5 | Got a silver rune of Zot
 77491 | Vaults:5 | Found Yded's Antique Weapon Shoppe.
 77532 | Vaults:5 | Identified the ring "Olue" {rPois Str+2 Int+6 Dex+4}
 78458 | D:10     | Learned a level 6 spell: Plasma Beam
 78690 | Zot:1    | Entered Level 1 of the Realm of Zot
 78729 | Zot:1    | Reached skill level 10 in Dodging
 78861 | Depths:4 | Learned a level 6 spell: Death Channel
 79968 | Zot:2    | Found a shimmering altar of Xom.
 80669 | Zot:2    | Identified the +8 orcbow of the Peculiar Defenders {elec,
                  | Contam Fly rElec rF++}
 80978 | Zot:2    | Reached skill level 15 in Evocations
 82314 | Zot:3    | Noticed Parghit
 82783 | Zot:3    | Killed Parghit
 82970 | Zot:3    | Reached XP level 27. HP: 215/222 MP: 45/52
 83148 | Zot:3    | Identified the amulet "Vineem" {Faith Str+3 Int-3}
 83794 | Orc:2    | Bought Vehumet's Octavo of Outbursts for 532 gold pieces
 83806 | Orc:2    | Learned a level 9 spell: Chain Lightning
 84361 | Zot:4    | Identified the +1 robe "Qigisam" {Str+4 Int+3 Dex+3 Slay+2}
 85569 | Zot:5    | Entered Level 5 of the Realm of Zot
 85803 | Coc:7    | Identified the "Ama Nea"
 85803 | Dis:7    | Identified the of Niol
 85803 | Dis:7    | Identified the "Nicsiczu"
 85803 | Zig:1    | Entered Level 1 of a ziggurat
 85816 | Zig:2    | Entered Level 2 of a ziggurat
 85816 | Zig:2    | Found the +8 trident of the Octopus King {venom, rElec
                  | rPois}
 85835 | Zig:3    | Entered Level 3 of a ziggurat
 85934 | Zig:4    | Entered Level 4 of a ziggurat
 86015 | Zig:5    | Entered Level 5 of a ziggurat
 86621 | Zot:5    | Found a transporter.
 86624 | Zot:5    | Found a transporter.
 86627 | Zot:5    | Found a transporter.
 86707 | Zot:5    | Found a transporter.
 86713 | Zot:5    | Found a transporter.
 86750 | Zot:5    | Identified the +0 robe "Igiaridd" {Archmagi}
 86806 | Zot:5    | Found a transporter.
 87181 | Zot:5    | Noticed an ancient lich
 87186 | Zot:5    | Killed an ancient lich
 87187 | Zot:5    | Noticed an ancient lich
 87259 | Zot:5    | Noticed an orb of fire
 87263 | Zot:5    | Killed an orb of fire
 87466 | Zot:5    | Noticed an orb of fire
 87470 | Zot:5    | Killed an orb of fire
 87472 | Zot:5    | Noticed an orb of fire
 87475 | Zot:5    | Noticed an orb of fire
 87476 | Zot:5    | Killed an orb of fire
 87479 | Zot:5    | Noticed an orb of fire
 87480 | Zot:5    | Killed an orb of fire
 87573 | Zot:5    | Killed an orb of fire
 87634 | Zot:5    | Noticed an orb of fire
 87640 | Zot:5    | Killed an orb of fire
 87641 | Zot:5    | Reached skill level 23 in Spellcasting
 87698 | Zot:5    | Killed an ancient lich
 87898 | Zot:5    | Noticed an orb of fire
 87903 | Zot:5    | Killed an orb of fire
 87925 | Zot:5    | Noticed an ancient lich
 87934 | Zot:5    | Killed an ancient lich
 87977 | Zot:5    | Noticed an ancient lich
 87980 | Zot:5    | Killed an ancient lich
 88025 | Zot:5    | Noticed an orb of fire
 88028 | Zot:5    | Killed an orb of fire
 88029 | Zot:5    | Reached skill level 24 in Spellcasting
 88686 | Zot:5    | Reached skill level 25 in Spellcasting
 88831 | Zot:5    | Noticed an orb of fire
 88837 | Zot:5    | Killed an orb of fire
 88901 | Zot:5    | Got the Orb of Zot
 89106 | Zot:1    | Noticed Aror Nea the pandemonium lord
 89615 | D:$      | Escaped with the Orb!

Illustrated notes

Levels and vault maps discovered:
D:1:      roadster_arrival_rocket_large, layout_loops_ring,
          shapermc_ecumenical_altar_mp_highgroup, corexii_hall_statues_x
D:2:      layout_basic, minivault_5, kennysheep_generic_room_2
D:3:      layout_loops_ring, mainiacjoe_overflow_catwalk_spiral,
          xom_confusion_cloud, portal_sewer_entry_b
D:4:      layout_layer_cave, enter_ossuary_2, uniq_crazy_yiuf_cottage
D:5:      layout_basic, minmay_temple_entry_ruins, nrook_loot_triangle,
          hangedman_decor_slide_cut
D:6:      layout_loops_ring, minmay_fire_ice_demons
D:7:      kennysheep_slugbush, layout_cave_pods, minmay_splitting_lines
D:8:      layout_rooms, hellmonk_guarded_unrand_frostbite
D:9:      layout_loops_ring, erik_lair_island, kennysheep_windowed_goal
D:10:     layout_roguey [special_room_bee], minmay_diamond_spiral, uniq_nergalle
D:11:     layout_basic, david_orc_2, nicolae_wu_jian_glorious_leap
D:12:     layout_rooms, nicolae_ashenzari_skybound, uniq_sonja, uniq_kirke
D:13:     layout_roguey [special_room_orc], david_vaults_2,
          nicolae_shop_vocational
D:14:     layout_basic, palyth_stone_intersect, nicolae_elyvilon_peaceful_grove
D:15:     gammafunk_depths_entry_grave, layout_loops_cross, dk_noncrumbling_4
Temple:   compressed_dpeg_triangle_lava_temple
Lair:1:   layout_hall_layers, grunt_megastairs_4
Lair:2:   layout_cellular_growth, minmay_holes, serial_bayou_shore_b,
          uniq_gastronok
Lair:3:   layout_cave_shapes, mainiacjoe_swamp_entry_angry_trees,
          dummy_spider_entry, basic_altar, serial_bayou_shore_a, uniq_rupert
Lair:4:   wander_river, layout_cave_pods, nicolae_slime_entry_slimehenge,
          serial_bayou_shore_b
Lair:5:   evilmike_catoblepas_cave, layout_layer_cave, serial_bayou_lake_a,
          uniq_urug
Swamp:1:  layout_basic_swamp, nicolae_swamp_round_clearing,
          infiniplex_staircase_pool, uniq_jorgrun
Swamp:2:  layout_falls_marsh, nicolae_swamp_tree_designs, swamp_pool_1_2
Swamp:3:  layout_basic_swamp, portal_ice_cave_entry_frozen_things,
          evilmike_swamp_ruin_house_4
Swamp:4:  swamp_pestilence, layout_basic_swamp
Spider:1: layout_spider_delve
Spider:2: nicolae_spider_hall_of_the_moth_king, nicolae_spider_undead_wolf_pack,
          uniq_donald
Spider:3: layout_cave_pods, amcnicky_altar_lugonu_corruption
Spider:4: spider_rune_water
Slime:1:  layout_caves
Slime:2:  layout_caves, nicolae_slime_getting_an_eyeful
Slime:3:  layout_caves
Slime:4:  layout_caves
Slime:5:  slime_pit_nicolae_block_by_block
Orc:1:    minmay_goldmine, layout_caves, basic_altar, serial_shops, shop, shop,
          nicolae_diamond_shop, shop_fountains, nicolae_shop_back_alley_shop
Orc:2:    kennysheep_orc_mage_school, layout_diamond_mine, serial_shops, shop
Elf:1:    layout_onion_city, hangedman_elf_represent, corexii_checkpoint
Elf:2:    elven_hall_of_blades_hangedman_original [mumra_blade_entry_dagger],
          layout_rooms, uniq_roxanne, uniq_asterion
Elf:3:    minmay_elf_hall_furrowed, layout_geoelf_octagon, minmay_shop_grove,
          uniq_aizul
Vaults:1: portal_desolation_entry_nicolae_nacl,
          kennysheep_ogre_elephant_herders, v_misc_3,
          nicolae_vaults_door_testing_chamber,
          nicolae_vaults_diagonal_hallway_7, v_alt_pattern_1,
          nicolae_vaults_house_3, ontoclasm_vaults_spin, vaults_dpeg_diagonal,
          hangedman_vaults_stream, vaults_room_hallway,
          hangedman_vaults_capsules, nicolae_vaults_six-pack,
          nicolae_vaults_tetromino_T_1, layout_vaults_omnibox
Vaults:2: nicolae_vaults_triangles, minmay_crypt_entry_simple_corners,
          ontoclasm_vaults_tryst, nicolae_vaults_double_plus_2,
          vaults_mumra_hex, nicolae_vaults_taking_the_gang_shopping,
          nicolae_vaults_house_3, layout_vaults_chaotic_city, uniq_xtahua,
          uniq_saint_roka
Vaults:3: nicolae_vaults_what_the_h, nicolae_vaults_oval_intersection,
          nicolae_vaults_shock_wave, v_misc_17, hangedman_vaults_restitches,
          hangedman_vaults_nodes, nicolae_vaults_sesquioval_fish,
          dpeg_vaults_monster_row, v_misc_25, ontoclasm_vaults_loading_screen,
          v_misc_27, nicolae_vaults_gold_heap, layout_vaults_ring
Vaults:4: st_hourglassy, grunt_vaults_bifocal, nicolae_vaults_little_squares_5,
          v_alt_pattern_1, layout_vaults_omnigrid, serial_shops,
          nicolae_shop_crystal, shop
Vaults:5: uniq_bai_suzhen
Crypt:1:  layout_basic, roderic_lattice_octagonal_star
Crypt:2:  lemuel_vampire_tower, layout_gridlike, uniq_margery, uniq_josephina,
          uniq_vv
Crypt:3:  david_glass_crypt, layout_misc_corridors,
          tomb_entry_forgotten_bobbens, st_stairs_6, beargit_elvish_explorers,
          uniq_grunn, uniq_khufu
Tomb:1
Depths:1: layout_honeycomb, hangedman_coc_ice_floe, tso_metal_star,
          serial_bayou_shore_b, minmay_shoptagon
Depths:2: hangedman_elemental_death_ray, layout_gridlike, enter_ziggurat_c,
          corexii_corridor_pit, rand_demon_pan_entry_7, gammafunk_ghost_crypt,
          grunt_hell_horde
Depths:3: minmay_strange_plus, layout_gridville, pf_hell_entry_tar_spiral,
          abyss_entry_flame_altar, minmay_staircase_statues_hall_small
Depths:4: hangedman_spin_cycle, pan_entry, serial_shops, hell_entry
Zot:1:    kennysheep_room_grid, layout_basic,
          regret_index_zotdec_twisting_globes
Zot:2:    nicolae_zot_draconian_monastery, layout_onion,
          regret_index_zotdec_abyssal_contain_seething_sorcery
Zot:3:    circus_mu, layout_basic, uniq_parghit
Zot:4:    layout_misc_corridors, grunt_megastairs_3
Zot:5:    layout_cellular_growth, serial_nicolae_subway,
          nicolae_sub_station_stone, nicolae_sub_station_metal,
          nicolae_sub_station_crystal

Skill      XL: |  1  2  3  4  5  6  7  8  9 10 11 12 13 14 15 16 17 18 19 20 21 22 23 24 25 26 27 |
---------------+----------------------------------------------------------------------------------+-----
Poison Magic   | 3 4 5 6 7 8 |  8.0
Spellcasting   | 5 7 9 10 12 13 15 16 18 19 20 21 22 25 | 25.7
Fighting       | 4 6 7 8 9 11 13 16 17 | 17.6
Armour         | 1 4 5 7 8 14 | 14.3
Evocations     | 4 5 7 10 11 15 | 15.6
Necromancy     | 4 8 10 11 12 14 15 | 15.9
Dodging        | 4 6 8 9 14 | 14.4
Stealth        | 2 3 5 7 11 14 | 14.3
Ranged Weapons | 1 |  1.8
Transmutations | 1 2 5 |  5.4
Throwing       | 3 |  3.0
Summonings     | 3 7 |  7.7
Shields        | 8 9 10 | 10.8
Axes           | 7 12 14 | 14.9
Air Magic      | 7 8 12 14 16 17 19 | 19.6
Earth Magic    | 3 4 |  4.9
Conjurations   | 5 |  5.0

Action                     |  1- 3 |  4- 6 |  7- 9 | 10-12 | 13-15 | 16-18 | 19-21 | 22-24 | 25-27 || total
---------------------------+-------+-------+-------+-------+-------+-------+-------+-------+-------++-------
  Melee: Dagger            |    22 |   250 |   256 |    79 |       |       |       |       |       ||   607
         Unarmed           |     1 |       |       |       |       |       |       |       |       ||     1
         Punch             |       |     1 |     6 |     1 |       |       |       |       |       ||     8
         Staff             |       |       |       |   348 |   689 |   544 |   606 |       |       ||  2187
         Broad axe         |       |       |       |       |       |       |   203 |  1223 |  1135 ||  2561
  Throw: Dart              |       |       |       |       |     5 |       |       |       |       ||     5
   Cast: Sting             |    81 |    33 |    56 |     1 |       |       |       |       |       ||   171
         Poisonous Vapours |       |    35 |    35 |     7 |       |       |       |       |       ||    77
         Mephitic Cloud    |       |     1 |     1 |    13 |    17 |    13 |     7 |       |     1 ||    53
         Olgreb's Toxic Ra |       |     1 |    50 |   129 |   165 |   158 |   233 |   104 |    10 ||   850
         Anguish           |       |       |       |    47 |    62 |     7 |       |       |    10 ||   126
         Ignite Poison     |       |       |       |       |   103 |   100 |    57 |     6 |     2 ||   268
         Haunt             |       |       |       |       |    11 |    94 |   138 |    95 |    50 ||   388
         Agony             |       |       |       |       |     1 |     3 |     5 |       |     1 ||    10
         Dispel Undead     |       |       |       |       |       |    70 |    17 |    24 |    27 ||   138
         Borgnjor's Vile C |       |       |       |       |       |       |     7 |     2 |     7 ||    16
         Maxwell's Capacit |       |       |       |       |       |       |       |    20 |    85 ||   105
         Irradiate         |       |       |       |       |       |       |       |     7 |     6 ||    13
         Arcjolt           |       |       |       |       |       |       |       |     6 |    11 ||    17
         Plasma Beam       |       |       |       |       |       |       |       |       |    25 ||    25
         Death Channel     |       |       |       |       |       |       |       |       |    11 ||    11
 Invoke: Curse Item        |       |       |     4 |     7 |     1 |     1 |     3 |     4 |     4 ||    24
         Shatter the Chain |       |       |       |     2 |       |     1 |     4 |     3 |     4 ||    14
  Evoke: Wand              |       |       |     3 |     5 |     1 |     5 |     2 |     2 |     5 ||    23
         Tin of tremorston |       |       |       |       |       |     2 |     3 |       |       ||     5
         Lightning rod     |       |       |       |       |       |       |     2 |       |       ||     2
    Use: Scroll            |     1 |     3 |     2 |     3 |       |     2 |     9 |    10 |    19 ||    49
   Stab: Confused          |       |     3 |       |     3 |       |       |     3 |       |     1 ||    10
         Sleeping          |       |     1 |     4 |     3 |     5 |     2 |     7 |    38 |    15 ||    75
         Distracted        |       |       |     1 |       |     1 |     5 |    12 |    34 |    25 ||    78
         Paralysed         |       |       |    10 |     6 |       |     1 |       |       |     2 ||    19
 Armour: Robe              |    38 |   169 |   176 |    60 |       |       |       |       |       ||   443
         Troll leather arm |       |       |       |   393 |   604 |   574 |   583 |   700 |   941 ||  3795
  Dodge: Dodged            |    46 |   191 |   167 |   365 |   816 |   663 |   596 |  1072 |  1422 ||  5338
  Block: Orb               |       |       |       |    23 |   413 |    87 |       |       |       ||   523
         Kite shield       |       |       |       |       |       |   966 |   894 |  1334 |  1175 ||  4369
         Reflection        |       |       |       |       |       |       |       |     6 |    25 ||    31

Table legend: (Time is in decaauts)
 A = Elapsed time spent in this place.
 B = Non-inter-level travel time spent in this place.
 C = Inter-level travel time spent in this place.
 D = Time resting spent in this place.
 E = Time spent auto-exploring this place.
 F = Levels seen in this place.
 G = Mean time per level.
                   A        B        C        D        E       F      G
               +--------+--------+--------+--------+--------+-----+--------+
         Total |  91472 |  81816 |   9656 |   7305 |  51377 |  65 | 1407.3 |
       Dungeon |  22356 |  18814 |   3542 |   1580 |  11953 |  15 | 1490.4 |
        Temple |     14 |      1 |     13 |      0 |      0 |   1 |   14.0 |
          Lair |   7362 |   6456 |    906 |    452 |   4739 |   5 | 1472.4 |
         Swamp |   5079 |   4987 |     92 |    427 |   3141 |   4 | 1269.8 |
   Spider Nest |   4756 |   4346 |    410 |      0 |   3343 |   4 | 1189.0 |
    Slime Pits |   3212 |   3101 |    111 |     65 |   2302 |   5 |  642.4 |
  Orcish Mines |   2586 |   2028 |    558 |      0 |   1659 |   2 | 1293.0 |
   Elven Halls |   5758 |   5502 |    256 |    484 |   3703 |   3 | 1919.3 |
        Vaults |  12023 |  10800 |   1223 |    673 |   7083 |   5 | 2404.6 |
         Crypt |   4266 |   3776 |    490 |    261 |   1764 |   3 | 1422.0 |
          Tomb |    931 |    819 |    112 |      4 |    450 |   1 |  931.0 |
        Depths |   8187 |   7332 |    855 |    711 |   4479 |   4 | 2046.8 |
           Zot |   9537 |   8453 |   1084 |   1442 |   4368 |   5 | 1907.4 |
      Ziggurat |    236 |    236 |      0 |      0 |    140 |   5 |   47.2 |
         Sewer |   1215 |   1215 |      0 |      0 |    851 |   1 | 1215.0 |
      Ice Cave |   1021 |   1021 |      0 |      3 |    773 |   1 | 1021.0 |
    Desolation |   2927 |   2927 |      0 |   1202 |    625 |   1 | 2927.0 |
               +--------+--------+--------+--------+--------+-----+--------+

Top non-repeatable levels by time:
Desolation: 2927 daAuts
Vaults:2: 2902 daAuts
Vaults:1: 2736 daAuts
Vaults:4: 2597 daAuts
   Zot:2: 2519 daAuts
Depths:2: 2511 daAuts
   Zot:5: 2493 daAuts
Depths:4: 2441 daAuts
Vaults:3: 2206 daAuts
     D:6: 2140 daAuts
   Elf:1: 2100 daAuts
   Elf:3: 2007 daAuts
    D:14: 2002 daAuts
     D:7: 1968 daAuts
 Slime:5: 1959 daAuts
